TOP OF THE 1ST |
Peoria Chiefs batting - Pitching for Binghamton Mets : RHP Salvatore Garcia
|
Pitching: RHP Salvatore Garcia
|
|
Batting: LHB Ichiro Toyota
|
0-0: Foul Ball, location: 2F 0-1: Foul Ball, location: 2F 0-2: Foul Ball, location: 2F 0-2: Ground out U3 (Groundball, 34, EV 85.6 MPH)
|
Batting: RHB Terry Baginski
|
0-0: Ball 1-0: Called Strike 1-1: Ground out U3 (Groundball, 3L, EV 88.1 MPH)
|
Batting: RHB Dan Boykins
|
0-0: Ball 1-0: Ball 2-0: Ground out 6-3 (Groundball, 6, EV 89.4 MPH)
|
Top of the 1st over - 0 runs, 0 hits, 0 errors, 0 left on base; Peoria 0 - Binghamton 0 |
BOTTOM OF THE 1ST |
Binghamton Mets batting - Pitching for Peoria Chiefs : RHP Ben Cook
|
Pitching: RHP Ben Cook
|
|
Batting: LHB Jose Chavez
|
0-0: Foul Ball, location: 2F 0-1: Ball 1-1: Ball 2-1: SINGLE (Groundball, 6M, EV 103.8 MPH) (infield hit)
|
Batting: RHB Jose Copado
|
0-0: Called Strike 0-1: Foul Ball, location: 2F 0-2: Strikes out looking
|
Batting: SHB Alex Orozco
|
0-0: Ball Jose Chavez steals 2nd base 1-0: Called Strike 1-1: Foul Ball, location: 2F 1-2: Ball 2-2: Strikes out swinging
|
Batting: RHB Andy Solorzano
|
0-0: Ball 1-0: Ground out 6-3 (Groundball, 6, EV 88.8 MPH)
|
Bottom of the 1st over - 0 runs, 1 hit, 0 errors, 1 left on base; Peoria 0 - Binghamton 0 |
TOP OF THE 2ND |
Peoria Chiefs batting - Pitching for Binghamton Mets : RHP Salvatore Garcia
|
Batting: RHB Mark Cahill
|
0-0: Ball 1-0: Ball 2-0: Called Strike 2-1: Ball 3-1: Foul Ball, location: 2F 3-2: Base on Balls
|
Batting: SHB Josh Conner
|
0-0: Ball 1-0: Ball 2-0: Called Strike 2-1: Ball 3-1: Fly out, F8 (Flyball, 8LM, EV 88.8 MPH)
|
Batting: LHB Ken Compton
|
0-0: Ball Mark Cahill steals 2nd base 1-0: Ground out U3 (Groundball, 3S, EV 88.1 MPH) Mark Cahill to third
|
Batting: RHB Josh Martin
|
0-0: Swinging Strike 0-1: Ball 1-1: Ball 2-1: Foul Ball, location: 2F 2-2: Strikes out swinging
|
Top of the 2nd over - 0 runs, 0 hits, 0 errors, 1 left on base; Peoria 0 - Binghamton 0 |
BOTTOM OF THE 2ND |
Binghamton Mets batting - Pitching for Peoria Chiefs : RHP Ben Cook
|
Batting: LHB Nate Trahan
|
0-0: Called Strike 0-1: Ball 1-1: Foul Ball, location: 2F 1-2: Ball 2-2: Ground out U3 (Groundball, 3, EV 105.0 MPH)
|
Batting: RHB Steve Dunaway
|
0-0: Called Strike 0-1: Swinging Strike 0-2: Ground out 4-3 (Groundball, 4MS, EV 85.0 MPH)
|
Batting: RHB Matt Skipper
|
0-0: Ball 1-0: Ball 2-0: Ground out 5-3 (Groundball, 56S, EV 75.0 MPH)
|
Bottom of the 2nd over - 0 runs, 0 hits, 0 errors, 0 left on base; Peoria 0 - Binghamton 0 |
TOP OF THE 3RD |
Peoria Chiefs batting - Pitching for Binghamton Mets : RHP Salvatore Garcia
|
Batting: LHB Adam Eisen
|
0-0: Called Strike 0-1: Foul Ball, location: 2F 0-2: Ball 1-2: Strikes out looking
|
Batting: RHB Chris Simmons
|
0-0: Ground out 4-3 (Groundball, 4MD, EV 87.5 MPH)
|
Batting: LHB Ichiro Toyota
|
0-0: Foul Ball, location: 2F 0-1: Ball 1-1: Ball 2-1: Swinging Strike 2-2: Foul Ball, location: 2F 2-2: SINGLE (Line Drive, 7LM, EV 113.1 MPH)
|
Batting: RHB Terry Baginski
|
0-0: Ball Ichiro Toyota steals 2nd base 1-0: Called Strike 1-1: Foul Ball, location: 2F 1-2: Strikes out swinging
|
Top of the 3rd over - 0 runs, 1 hit, 0 errors, 1 left on base; Peoria 0 - Binghamton 0 |
BOTTOM OF THE 3RD |
Binghamton Mets batting - Pitching for Peoria Chiefs : RHP Ben Cook
|
Batting: LHB Joel Soto
|
0-0: Ground out 4-3 (Groundball, 34, EV 79.4 MPH)
|
Batting: LHB Elmo Dreier
|
0-0: Ball 1-0: Ball 2-0: Called Strike 2-1: DOUBLE (Groundball, 5L, EV 97.5 MPH)
|
Batting: LHB Jose Chavez
|
0-0: Called Strike 0-1: Foul Ball, location: 2F 0-2: Ball 1-2: Strikes out looking
|
Batting: RHB Jose Copado
|
0-0: Foul Ball, location: 2F 0-1: Foul Ball, location: 2F 0-2: Ball 1-2: Foul Ball, location: 2F 1-2: Foul Ball, location: 2F 1-2: Ball 2-2: SINGLE (Groundball, 56S, EV 65.0 MPH) (infield hit) Elmo Dreier to third
|
Batting: SHB Alex Orozco
|
0-0: Called Strike 0-1: Ball 1-1: Ball 2-1: Fly out, F9 (Flyball, 89M, EV 93.1 MPH)
|
Bottom of the 3rd over - 0 runs, 2 hits, 0 errors, 2 left on base; Peoria 0 - Binghamton 0 |
TOP OF THE 4TH |
Peoria Chiefs batting - Pitching for Binghamton Mets : RHP Salvatore Garcia
|
Batting: RHB Dan Boykins
|
0-0: Fly out, F6 (Flyball, 56D, EV 85.6 MPH)
|
Batting: RHB Mark Cahill
|
0-0: Ball 1-0: Ball 2-0: Ball 3-0: Base on Balls
|
Batting: SHB Josh Conner
|
0-0: Hit by Pitch Mark Cahill to second
|
Batting: LHB Ken Compton
|
0-0: Foul Ball, location: 2F 0-1: Ball 1-1: Fly out, F9 (Flyball, 9S, EV 85.6 MPH)
|
Batting: RHB Josh Martin
|
0-0: Ball 1-0: Ball 2-0: Ball 3-0: Called Strike 3-1: Foul Ball, location: 2F 3-2: Ground out 5-3 (Groundball, 56, EV 97.5 MPH)
|
Top of the 4th over - 0 runs, 0 hits, 0 errors, 2 left on base; Peoria 0 - Binghamton 0 |
BOTTOM OF THE 4TH |
Binghamton Mets batting - Pitching for Peoria Chiefs : RHP Ben Cook
|
Batting: RHB Andy Solorzano
|
0-0: Called Strike 0-1: Ball 1-1: Ball 2-1: Swinging Strike 2-2: Foul Ball, location: 2F 2-2: Foul Ball, location: 2F 2-2: Ball 3-2: Ground out 6-3 (Groundball, 56, EV 81.3 MPH)
|
Batting: LHB Nate Trahan
|
0-0: Ground out 4-3 (Groundball, 34, EV 80.0 MPH)
|
Batting: RHB Steve Dunaway
|
0-0: Swinging Strike 0-1: Ground out 6-3 (Groundball, 6M, EV 106.9 MPH)
|
Bottom of the 4th over - 0 runs, 0 hits, 0 errors, 0 left on base; Peoria 0 - Binghamton 0 |
TOP OF THE 5TH |
Peoria Chiefs batting - Pitching for Binghamton Mets : RHP Salvatore Garcia
|
Batting: LHB Adam Eisen
|
0-0: Called Strike 0-1: Called Strike 0-2: Ball 1-2: Strikes out looking
|
Batting: RHB Chris Simmons
|
0-0: Called Strike 0-1: Ball 1-1: Foul Ball, location: 2F 1-2: Ball 2-2: Ball 3-2: Ground out 5-3 (Groundball, 56S, EV 66.3 MPH)
|
Batting: LHB Ichiro Toyota
|
0-0: Foul Ball, location: 2F 0-1: Foul Ball, location: 2F 0-2: Ball 1-2: Ball 2-2: Ground out 4-3 (Groundball, 34, EV 102.5 MPH)
|
Top of the 5th over - 0 runs, 0 hits, 0 errors, 0 left on base; Peoria 0 - Binghamton 0 |
BOTTOM OF THE 5TH |
Binghamton Mets batting - Pitching for Peoria Chiefs : RHP Ben Cook
|
Batting: RHB Matt Skipper
|
0-0: Ball 1-0: Fly out, F6 (Line Drive, 6, EV 73.8 MPH)
|
Batting: LHB Joel Soto
|
0-0: Ground out U3 (Groundball, 3, EV 80.6 MPH)
|
Batting: LHB Elmo Dreier
|
0-0: Called Strike 0-1: Ball 1-1: SINGLE (Groundball, 3D, EV 100.6 MPH)
|
Batting: LHB Jose Chavez
|
Pickoff Throw to First - Out! 1-3
|
Bottom of the 5th over - 0 runs, 1 hit, 0 errors, 0 left on base; Peoria 0 - Binghamton 0 |
TOP OF THE 6TH |
Peoria Chiefs batting - Pitching for Binghamton Mets : RHP Salvatore Garcia
|
Batting: RHB Terry Baginski
|
0-0: Called Strike 0-1: Ball 1-1: Ball 2-1: Swinging Strike 2-2: Strikes out swinging
|
Batting: RHB Dan Boykins
|
0-0: Called Strike 0-1: Called Strike 0-2: Ball 1-2: Strikes out swinging
|
Batting: RHB Mark Cahill
|
0-0: Ball 1-0: DOUBLE (Groundball, 3L, EV 102.5 MPH)
|
Batting: SHB Josh Conner
|
0-0: Foul Ball, location: 2F 0-1: Ball 1-1: Ground out U3 (Groundball, 34S, EV 70.0 MPH)
|
Top of the 6th over - 0 runs, 1 hit, 0 errors, 1 left on base; Peoria 0 - Binghamton 0 |
BOTTOM OF THE 6TH |
Binghamton Mets batting - Pitching for Peoria Chiefs : RHP Ben Cook
|
Batting: LHB Jose Chavez
|
0-0: Called Strike 0-1: Foul Ball, location: 2F 0-2: Ball 1-2: Strikes out swinging
|
Batting: RHB Jose Copado
|
0-0: Ball 1-0: Fly out, F8 (Flyball, 78D, EV 95.0 MPH)
|
Batting: SHB Alex Orozco
|
0-0: Ball 1-0: DOUBLE (Line Drive, 7D, EV 94.4 MPH)
|
Batting: RHB Andy Solorzano
|
Balk! Alex Orozco to third 0-0: Called Strike 0-1: Ball 1-1: SINGLE (Groundball, 4D, EV 95.6 MPH) Alex Orozco scores
|
Batting: LHB Nate Trahan
|
0-0: Ball 1-0: Swinging Strike 1-1: Foul Ball, location: 2F 1-2: Foul Ball, location: 2F 1-2: Ball 2-2: Fielders Choice at 2nd, U6 (Groundball, 4MD, EV 85.0 MPH)
|
Bottom of the 6th over - 1 run, 2 hits, 0 errors, 1 left on base; Peoria 0 - Binghamton 1 |
TOP OF THE 7TH |
Peoria Chiefs batting - Pitching for Binghamton Mets : RHP Salvatore Garcia
|
Batting: LHB Ken Compton
|
0-0: Foul Ball, location: 2F 0-1: Called Strike 0-2: Ball 1-2: Ball 2-2: Ball 3-2: Base on Balls
|
Batting: RHB Josh Martin
|
0-0: Ball Ken Compton steals 2nd base 1-0: Ball 2-0: Ball 3-0: Called Strike 3-1: Called Strike 3-2: Foul Ball, location: 2F 3-2: Foul Ball, location: 2F 3-2: Ground out 4-3 (Groundball, 4, EV 92.5 MPH) Ken Compton to third
|
Pitching: RHP Francis Cornick
|
|
Batting: LHB Adam Eisen
|
0-0: Swinging Strike 0-1: Ground out 5-3 (Groundball, 56S, EV 88.1 MPH)
|
Pinch Hitting: SHB Bobby O'Leary
|
0-0: Ball 1-0: Ball 2-0: Foul Ball, location: 2F 2-1: Fly out, F7 (Flyball, 7S, EV 76.9 MPH)
|
Top of the 7th over - 0 runs, 0 hits, 0 errors, 1 left on base; Peoria 0 - Binghamton 1 |
BOTTOM OF THE 7TH |
Binghamton Mets batting - Pitching for Peoria Chiefs : RHP Ben Cook
|
Now in LF: Ken Compton
|
|
Now in RF: Steve Barnett
|
|
Batting: LHB Tom Prayer
|
0-0: SINGLE (Line Drive, 6M, EV 96.3 MPH)
|
Pitching: LHP Luis Herrera
|
|
Batting: RHB Matt Skipper
|
0-0: Ball 1-0: Bunt missed! 1-1: Bunted foul 1-2: Fly out, F8 (Flyball, 89M, EV 92.5 MPH)
|
Batting: LHB Joel Soto
|
0-0: Called Strike 0-1: Swinging Strike 0-2: SINGLE (Groundball, 34D, EV 105.6 MPH) Tom Prayer to second Runner from 2nd tries for 3rd, SAFE, no throw by RF
|
Batting: LHB Elmo Dreier
|
0-0: Foul Ball, location: 2F 0-1: Ball 1-1: Ground out 3-1 (Groundball, 34S, EV 91.3 MPH) Joel Soto to second
|
Batting: LHB Jose Chavez
|
0-0: Called Strike 0-1: Ball 1-1: Ball 2-1: Ball 3-1: Foul Ball, location: 2F 3-2: Strikes out swinging
|
Bottom of the 7th over - 0 runs, 2 hits, 0 errors, 2 left on base; Peoria 0 - Binghamton 1 |
TOP OF THE 8TH |
Peoria Chiefs batting - Pitching for Binghamton Mets : RHP Francis Cornick
|
Batting: LHB Ichiro Toyota
|
0-0: Called Strike 0-1: TRIPLE (Flyball, 89XD, EV 110.6 MPH)
|
Batting: RHB Terry Baginski
|
0-0: Ball 1-0: Called Strike 1-1: 2-RUN HOME RUN (Flyball, 7D, EV 96.3 MPH), Distance : 366 ft
|
Batting: RHB Dan Boykins
|
0-0: Ball 1-0: Ball 2-0: Foul Ball, location: 2F 2-1: Foul Ball, location: 2F 2-2: Ball 3-2: Strikes out swinging
|
Batting: RHB Mark Cahill
|
0-0: Fly out, F6 (Flyball, 56D, EV 81.9 MPH)
|
Batting: SHB Josh Conner
|
0-0: Ball 1-0: Ground out U3 (Groundball, 3, EV 82.5 MPH)
|
Top of the 8th over - 2 runs, 2 hits, 0 errors, 0 left on base; Peoria 2 - Binghamton 1 |
BOTTOM OF THE 8TH |
Binghamton Mets batting - Pitching for Peoria Chiefs : LHP Luis Herrera
|
Batting: RHB Jose Copado
|
0-0: Called Strike 0-1: Ball 1-1: Fly out, F8 (Line Drive, 8RD, EV 97.5 MPH)
|
Batting: SHB Alex Orozco
|
0-0: Called Strike 0-1: Foul Ball, location: 2F 0-2: Ball 1-2: Strikes out swinging
|
Batting: RHB Andy Solorzano
|
0-0: Called Strike 0-1: Ball 1-1: Swinging Strike 1-2: Ball 2-2: SOLO HOME RUN (Flyball, 9LD, EV 90.6 MPH), Distance : 347 ft
|
Pinch Hitting: RHB Joe Kooyers
|
0-0: Foul Ball, location: 2F 0-1: Ball 1-1: Ball 2-1: Fly out, F3 (Popup, 3, EV 71.9 MPH)
|
Bottom of the 8th over - 1 run, 1 hit, 0 errors, 0 left on base; Peoria 2 - Binghamton 2 |
TOP OF THE 9TH |
Peoria Chiefs batting - Pitching for Binghamton Mets : RHP Francis Cornick
|
Now in LF: Ivan Gonzales
|
|
Batting: LHB Ken Compton
|
0-0: Called Strike 0-1: Ball 1-1: Ball 2-1: Ground out U3 (Groundball, 3L, EV 84.4 MPH)
|
Batting: RHB Josh Martin
|
0-0: Fly out, F8 (Flyball, 8RM, EV 89.4 MPH)
|
Batting: LHB Adam Eisen
|
0-0: Ball 1-0: Foul Ball, location: 2F 1-1: Swinging Strike 1-2: Ground out 4-3 (Groundball, 4MD, EV 86.9 MPH)
|
Top of the 9th over - 0 runs, 0 hits, 0 errors, 0 left on base; Peoria 2 - Binghamton 2 |
BOTTOM OF THE 9TH |
Binghamton Mets batting - Pitching for Peoria Chiefs : LHP Luis Herrera
|
Pitching: RHP Justin Adamson
|
|
Batting: LHB Tom Prayer
|
0-0: Ball 1-0: Ball 2-0: Ball 3-0: Foul Ball, location: 2F 3-1: Base on Balls
|
Batting: RHB Matt Skipper
|
0-0: Sac Bunt to 13S - play at first, batter OUT! 1-4 Tom Prayer to second
|
Batting: LHB Joel Soto
|
0-0: Called Strike 0-1: Ball 1-1: Foul Ball, location: 2F 1-2: Strikes out swinging
|
Batting: LHB Elmo Dreier
|
0-0: Foul Ball, location: 2F 0-1: DOUBLE (Groundball, 3L, EV 107.5 MPH) Tom Prayer scores
|
Bottom of the 9th over - 1 run, 1 hit, 0 errors, 0 left on base; Peoria 2 - Binghamton 3 |
|
Game Over ... Binghamton defeats Peoria, 3 to 2
|
|
|